 Dungeon Crawl Stone Soup version 0.21-a0-153-g78480df (webtiles) character file.

223 4thArraOfDagon the Skirmisher (level 6, 0/48 HPs)
             Began as a Formicid Warper on July 31, 2017.
             Was an Initiate of Ru.
             Slain by a wight
             ... wielding a +0 flail
              (9 damage)
             ... on level 10 of the Dungeon.
             The game lasted 00:06:04 (984 turns).

4thArraOfDagon the Skirmisher (Formicid Warper)      Turns: 984, Time: 00:06:05

Health: 0/48       AC:  8    Str: 15    XL:     6   Next: 20%
Magic:  9/9        EV: 17    Int: 15    God:    Ru [......]
Gold:   97         SH:  0    Dex: 15    Spells: 9/9 levels left

rFire    . . .     SeeInvis +   a - +0 falchion
rCold    . . .     Gourm    .   (no shield)
rNeg     . . .     Faith    .   m - +0 ring mail
rPois    .         Spirit   .   (helmet unavailable)
rElec    .         Reflect  .   (no cloak)
rCorr    .         Harm     .   i - +2 pair of gloves
MR       .....                  (no boots)
Stlth    ++........             (no amulet)
HPRegen  0.16/turn              (no ring)
MPRegen  0.11/turn              (no ring)

@: agile, drained
A: permanent stasis, dig shafts and tunnels, four strong arms, antennae 3
a: Dig, Shaft Self, Renounce Religion


You were on level 10 of the Dungeon.
You worshipped Ru.
Ru was noncommittal.
You were not hungry.

You visited 1 branch of the dungeon, and saw 10 of its levels.

You collected 97 gold pieces.

Inventory:

Hand Weapons
 a - a +0 falchion (weapon)
Missiles
 e - 5 tomahawks of dispersal (quivered)
Armour
 b - a +0 leather armour
 i - a +2 pair of gloves (worn)
 m - a +0 ring mail (worn)
Scrolls
 d - a scroll of blinking
 h - a scroll of teleportation
 j - a scroll of identify
 n - a scroll of enchant weapon
Potions
 k - a potion of magic
Books
 c - a book of Spatial Translocations

   Spells                             Type                      Level
   a - Blink                          Translocation                2
   b - Shroud of Golubria             Charms/Translocation         2
   c - Lesser Beckoning               Translocation                3
   d - Gell's Gravitas                Translocation                3
   e - Teleport Other                 Translocation                3
   f - Passage of Golubria            Translocation                4
Comestibles
 f - 2 bread rations
 o - a meat ration


   Skills:
 + Level 4.0(3.7) Fighting
 - Level 2.3(2.0) Long Blades
 - Level 1.0(0.7) Throwing
 + Level 3.5(3.3) Armour
 + Level 3.3(3.0) Dodging
 - Level 2.1(1.9) Spellcasting
   Level 2.6(2.4) Translocations


You had 9 spell levels left.
You didn't know any spells.

Dungeon Overview and Level Annotations

Branches:
Dungeon (12/15)
 Temple: D:4-7         Lair: D:8-11         Orc: D:9-12

Altars:
Fedhas
Ru

Shops:
D:5 [

Annotations:
D:3 Natasha


Innate Abilities, Weirdness & Mutations

You cannot be hasted, slowed, berserked, paralysed or teleported.
You can dig through walls and to a lower floor.
Your four strong arms can wield two-handed weapons with a shield.
You have a pair of large antennae on your head. (SInv)


Message History

The wight is heavily damaged.
You hit the wight but do no damage.
The wight is heavily damaged.
The wight misses you.
You closely miss the wight.
The wight is heavily damaged.
The wight hits you with a flail.
* * * LOW HITPOINT WARNING * * *
Unknown command.
You closely miss the wight.
The wight is heavily damaged.
The wight barely misses you.
You hit the wight.
The wight is severely damaged.
The wight closely misses you.
You riposte.
You hit the wight.
The wight is severely damaged.
You hit the wight but do no damage.
The wight is severely damaged.
The wight hits you with a flail!
You die...

.......
#.z......
#....z...
#...{....
#.{......
#...####........
#...##z#.......
#...#@#{{..#
#...####>..#
#...# #...#
#...# #...#
#...####...#
#..........#
#..h.......#
#..........#
#..........#


You could see a wight.

Vanquished Creatures
  An ice beast (D:9)
  2 wights (D:10)
  A hound (D:9)
  An adder (D:7)
  A leopard gecko (D:4)
  A giant cockroach (D:1)
  A goblin (D:3)
  2 hobgoblins
  A quokka (D:5)
  2 bats (D:3)
  2 frilled lizards
  A kobold (D:2)
16 creatures vanquished.

Notes
Turn   | Place    | Note
-------+----------+-------------------------------------------
     0 | D:1      | 4thArraOfDagon the Formicid Warper began the quest for the Orb.
     0 | D:1      | Reached XP level 1. HP: 16/16 MP: 3/3
    45 | D:1      | You fall through a shaft!
   277 | D:3      | Reached XP level 2. HP: 11/22 MP: 5/5
   379 | D:3      | Noticed Natasha
   385 | D:3      | You fall through a shaft for 2 floors!
   385 | D:5      | Entered Level 5 of the Dungeon
   424 | D:5      | Found Nefumaes's Antique Armour Shop.
   490 | D:4      | Noticed a phantom
   539 | D:5      | You fall through a shaft for 2 floors!
   539 | D:7      | Found a blossoming altar of Fedhas.
   554 | D:7      | Reached XP level 3. HP: 28/28 MP: 6/6
   617 | D:7      | Noticed a killer bee
   620 | D:7      | You fall through a shaft for 2 floors!
   620 | D:9      | Noticed an ogre
   642 | D:9      | Noticed an ice beast
   646 | D:9      | Noticed a yak
   647 | D:9      | Noticed a yak
   647 | D:9      | Noticed a yak
   648 | D:9      | Noticed a yak
   678 | D:9      | Reached XP level 4. HP: 34/34 MP: 7/7
   695 | D:9      | Killed an ice beast
   695 | D:9      | Reached skill level 3 in Fighting
   695 | D:9      | Reached XP level 5. HP: 41/41 MP: 8/8
   729 | D:9      | You fall through a shaft!
   729 | D:10     | Entered Level 10 of the Dungeon
   737 | D:10     | You fall through a shaft for 2 floors!
   739 | D:12     | Found a sacrificial altar of Ru.
   745 | D:12     | Became a worshipper of Ru the Awakened
   766 | D:12     | Noticed a slime creature
   933 | D:11     | Noticed a hippogriff
   933 | D:11     | Noticed a hungry ghost
   977 | D:10     | Reached skill level 4 in Fighting
   977 | D:10     | Reached XP level 6. HP: 9/48 MP: 9/9
   984 | D:10     | Slain by a wight

Vault maps used:
D:1:      minmay_arrival_checkered_box
D:2:      first_bread, uniq_crazy_yiuf_cottage
D:3:      uniq_natasha
D:4:      uniq_robin
D:5:      serial_shops, shop, nicolae_ossuary_entry_monument,
          minmay_misc_feat_enclosed
D:7:      minmay_temple_entry_large_hall, serial_shops, nicolae_shop_stone,
          kennysheep_mini_moat, basic_altar
D:9:      david_lair_generic, special_room
D:10:     orc_0_dummy, uniq_maurice
D:11:     uniq_josephine
D:12:     nicolae_ru_sacrificial_ziggurat

Skill      XL: |  1  2  3  4  5 |
---------------+----------------+-----
Dodging        | 2 3 |  3.3
Armour         | 2 3 |  3.5
Fighting       | 3 4 |  4.0
Long Blades    | |  2.3
Throwing       | |  1.0
Spellcasting   | |  2.1
Translocations | |  2.6

Action                   |  1- 3 |  4- 6 || total
-------------------------+-------+-------++-------
Melee: Falchion          |    55 |    76 ||   131
 Abil: Dig               |     5 |     2 ||     7
       Shaft Self        |     4 |     2 ||     6
  Use: Scroll            |     4 |       ||     4
       Potion            |     3 |     3 ||     6
  Eat: Chunk             |     1 |     1 ||     2
       Bread ration      |       |     1 ||     1
Armor: Leather armour    |     6 |       ||     6
       Ring mail         |    11 |     6 ||    17
       Skin              |    16 |    50 ||    66
Dodge: Dodged            |    41 |    19 ||    60
       Rpst.: Falchion   |     9 |     5 ||    14
